AoeStats
← Governor

Four Lakes

510259373Analyzed
1v1 RM · 1d ago on Sep 30, 2026· 44m 29s· 2 players
Game mode
Random Map
Map size
Tiny (2 player)
Population
200
Speed
Normal
Resources
Standard
Victory
Conquest
Starting age
Dark Age
Ending age
Imperial Age
RankedLock teamsTeams togetherTeam positionsShared explorationLock speedFull tech treeHidden civsTurbo modeCheats
Victory
Defeat
🇺🇾 Turks · Uruguay
371
+17
🇨🇳 Vikings · China
396
-19
Batux GS
12:32 Feudal Age
20:02 Fletching
20:14 Padded Archer Armor
27:42 Castle Age
26:51 Horse Collar
27:00 Double-Bit Axe
27:11 Gold Mining
27:15 Loom
27:19 Town Watch
30:27 Wheelbarrow
29:28 Crossbowman
30:39 Town Patrol
31:25 Ballistics
31:44 Stone Mining
33:10 Thumb Ring
35:11 Gold Shaft Mining
34:50 Bow Saw
34:46 Heavy Plow
40:56 Hand Cart
43:35 Imperial Age
Governor
11:00 Feudal Age
11:32 Loom
14:03 Double-Bit Axe
16:02 Scale Mail Armor
16:20 Forging
18:21 Gold Mining
18:22 Stone Mining
23:17 Man-at-Arms
28:06 Town Watch
31:21 Castle Age
31:28 Pikeman
33:03 Gold Shaft Mining
33:29 Squires
35:02 Chain Mail Armor
36:37 Town Patrol
Connection lost

Rejoining the realm…

Still unreachable

The connection could not be restored.

Session expired

The server has moved on; the page needs a fresh start.